[Event "Titled Tuesday Blitz May 24 Early 2022"]
[White "Turutin, Alexander"]
[Black "Bas Mas, Jose Joaquin"]
[WhiteFideId "4180623"]
[BlackFideId "22219064"]
[WhiteElo "2402"]
[BlackElo "2233"]
[Result "0-1"]
[Round "04"]
[TimeControl "180+1"]
[Date "2022.05.25"]
[WhiteClock "0:00:01"]
[BlackClock "0:00:01"]

1. g3 d5 2. Bg2 g6 3. c4 dxc4 4. Na3 Bg7 5. Nxc4 Nf6 6. Nf3 O-O 7. O-O c6 8. d4 Nd5 9. e4 Nb6 10. Nce5 N8d7 11. Nxd7 Bxd7 12. h3 h6 13. Qe2 Be6 14. Rd1 Qc8 15. Kh2 Kh7 16. Bf4 Rd8 17. Be3 Nc4 18. Bf4 a5 19. Rac1 Nb6 20. d5 Bd7 21. b3 a4 22. b4 a3 23. Ne5 Be8 24. b5 c5 25. Qe3 Na4 26. Bf1 g5 27. Bxg5 hxg5 28. Qxg5 f6 29. Qh4+ Kg8 30. Ng4 Nb2 31. Re1 Bg6 32. e5 Qf5 33. Rxc5 Rac8 34. Rxc8 Rxc8 35. d6 exd6 36. exf6 Bf8 37. Re7 Bh5 38. Bg2 Rc2 39. f7+ Kg7 40. Ne3 Qg6 41. Qd4+ Kh7 42. Re8 Qg7 0-1


[Site "https://www.chess.com"]

[Event "Titled Tuesday Blitz May 24 Early 2022"]
[White "Urazayev, Arystanbek"]
[Black "Toncheva, Nadya"]
[WhiteFideId "13709810"]
[BlackFideId "2924056"]
[WhiteElo "2422"]
[BlackElo "1888"]
[Result "1/2-1/2"]
[Round "04"]
[TimeControl "180+1"]
[Date "2022.05.25"]
[WhiteClock "0:00:07"]
[BlackClock "0:00:13"]

1. e4 c5 2. Nf3 Nc6 3. Bb5 e6 4. O-O Nge7 5. Re1 a6 6. Bf1 d5 7. exd5 Nxd5 8. d4 Nf6 9. Be3 cxd4 10. Nxd4 Nxd4 11. Bxd4 Be7 12. c4 O-O 13. Nc3 Bd7 14. Qd3 Bc6 15. Rad1 Rc8 16. Qg3 Qc7 17. Be5 Qa5 18. a3 Rfd8 19. Rxd8+ Bxd8 20. Rd1 Bc7 21. Bxc7 Qxc7 22. Qxc7 Rxc7 23. Rd8+ Ne8 24. b4 Kf8 25. c5 Ke7 26. Rb8 Rd7 27. a4 Rd8 28. Rxd8 Kxd8 29. b5 axb5 30. axb5 Bd7 31. f3 e5 32. Kf2 Be6 33. b6 Nf6 34. Bd3 Nd7 35. Bxh7 Nxc5 36. Ne4 Nd7 37. Ng5 Bd5 38. h4 Nxb6 39. h5 Ke7 40. g4 Nd7 41. Bd3 Nc5 42. Bb5 Bc6 43. Bc4 f6 44. Nh3 b5 45. Be2 b4 46. Ke3 b3 47. Kd2 Bd5 48. Nf2 Na4 49. Nd1 Kd6 50. Bb5 Nc5 51. Be2 Na4 52. Bb5 Nc5 53. Be2 Kc6 54. Nc3 b2 55. Kc2 Bf7 56. Kxb2 Kd6 57. Kc2 Ke7 58. Kd2 Ne6 59. Ke3 Nd4 60. Bd3 Be6 61. Be4 Kf7 62. Bg6+ Ke7 63. Na4 Bb3 64. Nc5 Bd5 65. Nd3 Bxf3 66. g5 fxg5 67. Nxe5 Bxh5 68. Bxh5 Nf5+ 69. Kf2 Kf6 70. Ng4+ Ke6 71. Be8 Ke7 72. Ba4 Nh4 73. Ke3 Ng6 74. Ke4 Kf7 75. Bb3+ Ke7 76. Kf5 Nf8 77. Ne5 Ne6 78. Bxe6 g6+ 79. Nxg6+ Kd6 80. Ba2 Kc5 81. Kxg5 Kd4 82. Kf4 Kc5 83. Ne5 Kd4 84. Bf7 Kc3 85. Ke4 Kb4 86. Kd4 Ka3 87. Nd3 Ka4 88. Bc4 Ka3 89. Kc3 Ka4 90. Ne1 Ka3 91. Nc2+ Ka4 92. Kd4 Ka5 93. Kc5 Ka4 94. Bd5 Ka5 95. Bb3 Ka6 96. Nb4+ Kb7 97. Be6 Kc7 98. Nd5+ Kd8 99. Bf7 Kd7 100. Bg6 Ke6 101. Kd4 Kd6 102. Nc3 Ke6 103. Be4 Kf6 104. Nd5+ Ke6 105. Ne3 Kf6 106. Bd5 Kg5 107. Ke5 Kg6 108. Kf4 Kf6 109. Ng4+ Kg6 110. Be4+ Kf7 111. Ke5 Kg7 112. Ke6 Kg8 113. Kf6 Kh8 114. Ne5 Kg8 115. Nf7 Kf8 116. Bh7 Ke8 117. Ne5 Kf8 118. Ke6 Kg7 119. Bb1 Kg8 120. Kf6 Kh8 121. Nf7+ Kg8 122. Bc2 Kf8 123. Bh7 Ke8 124. Ne5 Kf8 125. Nd7+ Ke8 126. Ke6 Kd8 127. Kd6 Ke8 128. Bg6+ Kd8 129. Nc5 Kc8 130. Bf7 Kd8 131. Nb7+ 1/2-1/2


[Site "https://www.chess.com"]

[Event "Titled Tuesday Blitz May 24 Early 2022"]
[White "Vajda, Levente"]
[Black "Tasev, Dejan"]
[WhiteFideId "1203975"]
[BlackFideId "936618"]
[WhiteElo "2573"]
[BlackElo "2253"]
[Result "1-0"]
[Round "04"]
[TimeControl "180+1"]
[Date "2022.05.25"]
[WhiteClock "0:00:16"]
[BlackClock "0:00:08"]

1. e4 e5 2. Nf3 Nc6 3. Bc4 Nf6 4. d3 Bc5 5. c3 d6 6. O-O Bb6 7. Nbd2 h6 8. Bb3 Be6 9. Nc4 Qd7 10. a4 Bxc4 11. Bxc4 a6 12. Re1 O-O 13. Bb3 Rae8 14. h3 Nh7 15. Nh4 Ne7 16. Qf3 Ng5 17. Qg3 Kh7 18. Bxg5 hxg5 19. Qxg5 g6 20. a5 Ba7 21. Ba4 c6 22. b4 Kg7 23. Rad1 Rh8 24. d4 Rh5 25. Qg3 Qe6 26. Rd3 Reh8 27. Nf3 exd4 28. Nxd4 Qf6 29. Bb3 Rg5 30. Qf3 Qxf3 31. Rxf3 Rf8 32. Rd3 c5 33. Nf3 Rh5 34. Rxd6 cxb4 35. cxb4 Nc6 36. Rd7 Nxb4 37. Rxb7 Bc5 38. Rd1 Nc6 39. Rc7 Nxa5 40. Bd5 Bb6 41. Rd7 Bc5 42. Ra1 Bb4 43. Rc1 Rxd5 44. exd5 Nb3 45. Rcc7 Nc5 46. Re7 a5 47. Ne5 Na6 48. Rxf7+ Rxf7 49. Rxf7+ Kg8 50. Ra7 Nc5 51. Nd7 Nxd7 52. Rxd7 a4 53. Ra7 a3 54. Kf1 Kf8 55. Ke2 Ke8 56. Kd3 Bc5 57. Ra8+ Kd7 58. Kc4 Bxf2 59. Rxa3 Kd6 60. Rf3 Bh4 61. g3 Be7 62. h4 Ke5 63. Re3+ Kf6 64. Re6+ Kf7 65. Kd4 Ba3 66. Ke4 Bb2 67. g4 Bc1 68. h5 gxh5 69. gxh5 Bd2 70. h6 Kg8 71. Kf5 Kf7 72. Ra6 Bc3 73. Ra7+ Kf8 74. Kg6 Ke8 75. h7 Kd8 76. Rg7 1-0


[Site "https://www.chess.com"]

[Event "Titled Tuesday Blitz May 24 Early 2022"]
[White "Vasquez Schroeder, Rodrigo"]
[Black "Domingo Nunez, Ruben"]
[WhiteFideId "3400042"]
[BlackFideId "22245570"]
[WhiteElo "2567"]
[BlackElo "2376"]
[Result "1-0"]
[Round "04"]
[TimeControl "180+1"]
[Date "2022.05.24"]
[WhiteClock "0:00:50"]
[BlackClock "0:00:02"]

1. e4 c5 2. Nf3 a6 3. c4 g6 4. d4 Bg7 5. d5 b5 6. Nc3 b4 7. Ne2 d6 8. a3 Qa5 9. Qd2 Bh6 10. Qc2 bxa3+ 11. Nd2 a2 12. b3 Nf6 13. Rxa2 Qb6 14. h3 a5 15. Nc3 Na6 16. Ra1 Nb4 17. Qb1 O-O 18. Be2 Bd7 19. O-O Rab8 20. Nb5 Ne8 21. Nf3 Bg7 22. Bb2 f6 23. Nd2 Nc7 24. Nc3 f5 25. exf5 Bxf5 26. Nce4 e5 27. g4 Bd7 28. Nf3 a4 29. Ra3 axb3 30. Rxb3 Ba4 31. Rc3 Bc2 32. Rxc2 Nxc2 33. Qxc2 Qxb2 34. Qd1 Rb6 35. Bd3 Qb3 36. Qe2 Qa3 37. Kg2 Rb2 38. Qd1 Rb3 39. Be2 Ne8 40. Nfg5 Rf4 41. f3 Rb2 42. Rf2 Qe3 43. Ne6 Rf7 44. Bd3 Bh6 45. Rxb2 Bf4 46. Re2 1-0


[Site "https://www.chess.com"]

[Event "Titled Tuesday Blitz May 24 Early 2022"]
[White "Vidit, Santosh Gujrathi"]
[Black "Gallego Alcaraz, Andres Felipe"]
[WhiteFideId "5029465"]
[BlackFideId "4402669"]
[WhiteElo "2654"]
[BlackElo "2340"]
[Result "1-0"]
[Round "04"]
[TimeControl "180+1"]
[Date "2022.05.24"]
[WhiteClock "0:00:05"]
[BlackClock "0:00:01"]

1. Nf3 Nf6 2. b3 g6 3. Bb2 Bg7 4. c4 O-O 5. g3 c6 6. Bg2 d5 7. O-O a5 8. Nc3 Na6 9. d4 Bf5 10. Rc1 Ne4 11. cxd5 cxd5 12. Ne5 Nxc3 13. Bxc3 Nb4 14. Qd2 Qb6 15. Rfd1 Rfd8 16. a3 Nc6 17. Nxc6 bxc6 18. b4 axb4 19. Bxb4 e5 20. Qc3 exd4 21. Qxc6 Qxc6 22. Rxc6 Be6 23. h4 Rdc8 24. Rdc1 Rxc6 25. Rxc6 Bf8 26. Rc1 Bxb4 27. axb4 Kf8 28. Rd1 Ra2 29. Bf3 Ke7 30. Rxd4 Kd6 31. Bxd5 Bxd5 32. e4 Ke5 33. Rxd5+ Kxe4 34. Rd7 f5 35. Kg2 Rb2 36. Rxh7 Rxb4 37. Rh6 f4 38. Rxg6 f3+ 39. Kh3 Rb2 40. Kg4 Rxf2 41. Rf6 Rf1 42. h5 Ke3 43. h6 f2 44. Re6+ Kd2 45. Kf3 Rd1 46. Rd6+ Kc2 47. Rxd1 Kxd1 48. Kxf2 1-0


[Site "https://www.chess.com"]

[Event "Titled Tuesday Blitz May 24 Early 2022"]
[White "Vittorino, Carlo Giovanni"]
[Black "Perez Leiva, Jerzy Jesus"]
[WhiteFideId "4401247"]
[BlackFideId "3524337"]
[WhiteElo "2233"]
[BlackElo "2287"]
[Result "0-1"]
[Round "04"]
[TimeControl "180+1"]
[Date "2022.05.25"]
[WhiteClock "0:00:20"]
[BlackClock "0:00:22"]

1. d4 Nf6 2. c4 e6 3. Nf3 d5 4. g3 dxc4 5. Bg2 Nc6 6. Qa4 Bb4+ 7. Bd2 Nd5 8. Bxb4 Nxb4 9. Nc3 O-O 10. a3 Nd5 11. Qxc4 Nb6 12. Qd3 a5 13. O-O Qe7 14. Rfd1 Rd8 15. Qe4 Bd7 16. Rac1 Be8 17. h4 f6 18. Bh3 Bf7 19. e3 Rd7 20. Qf4 Rf8 21. Qe4 Re8 22. Qd3 Rdd8 23. Qb5 Ra8 24. Ne4 a4 25. Nc5 Bh5 26. Bxe6+ Kh8 27. Kg2 Ra5 28. Qd3 Rxc5 29. dxc5 Bxf3+ 30. Kxf3 Ne5+ 31. Kg2 Nxd3 32. Rxd3 Qxe6 33. cxb6 Qxb6 34. Rc2 Qe6 35. Rd4 b6 36. Rxa4 c5 37. Rd2 Qc6+ 0-1


[Site "https://www.chess.com"]

[Event "Titled Tuesday Blitz May 24 Early 2022"]
[White "Volkov, Maksim"]
[Black "Perez Rodriguez, Jennifer"]
[WhiteFideId "54123070"]
[BlackFideId "3507831"]
[WhiteElo "2155"]
[BlackElo "2170"]
[Result "1-0"]
[Round "04"]
[TimeControl "180+1"]
[Date "2022.05.25"]
[WhiteClock "0:00:50"]
[BlackClock "0:00:18"]

1. d4 Nf6 2. c4 e6 3. g3 d5 4. Nf3 dxc4 5. Bg2 Be7 6. O-O O-O 7. Ne5 Nc6 8. Bxc6 bxc6 9. Nxc6 Qe8 10. Nxe7+ Qxe7 11. Nc3 e5 12. d5 e4 13. Qd4 Bb7 14. Qxc4 Rad8 15. Rd1 Rfe8 16. Bf4 Rd7 17. Rd2 Red8 18. Rad1 h6 19. Qb5 Ba8 20. Qa5 g5 21. Bxc7 Rc8 22. d6 Qe6 23. Qxa7 Qh3 24. f3 exf3 25. exf3 Bxf3 26. Rf1 Rcxc7 27. Qxc7 Rxc7 28. dxc7 Nh5 29. Rxf3 Kg7 30. Rd8 Nf4 31. Rxf4 gxf4 32. c8=Q Qh5 33. Rg8+ Kf6 34. Qc6+ Ke7 35. Re8# 1-0


[Site "https://www.chess.com"]

[Event "Titled Tuesday Blitz May 24 Early 2022"]
[White "Vovk, Orest"]
[Black "Oganian, Miran"]
[WhiteFideId "14113490"]
[BlackFideId "4122488"]
[WhiteElo "2203"]
[BlackElo "2357"]
[Result "1-0"]
[Round "04"]
[TimeControl "180+1"]
[Date "2022.05.25"]
[WhiteClock "0:00:26"]
[BlackClock "0:00:35"]

1. h4 e5 2. h5 d5 3. h6 Nxh6 4. d4 e4 5. Bxh6 gxh6 6. e3 c5 7. Ne2 Nc6 8. Nbc3 cxd4 9. Nxd4 Bg7 10. Rh5 Nxd4 11. Rxd5 Qb6 12. exd4 O-O 13. Rb5 Qxd4 14. Qxd4 Bxd4 15. O-O-O Bxf2 16. Nxe4 Be3+ 17. Kb1 Be6 18. Rxb7 Rab8 19. Rxb8 Rxb8 20. Bd3 Kg7 21. Rf1 h5 22. Nd6 Bd4 23. b3 h4 24. Nf5+ Bxf5 25. Rxf5 Re8 26. Rf1 Bc3 27. a3 a5 28. Ka2 Re3 29. Rf4 h5 30. b4 Rg3 31. b5 Rxg2 32. Rxh4 Rg1 33. Kb3 Bf6 34. Rxh5 Rb1+ 35. Ka4 Be7 36. Kxa5 Bxa3 37. b6 Bd6 38. Rd5 Bh2 39. c4 Kf6 40. Bxb1 Ke6 41. Ka6 f5 42. Bxf5+ 1-0


[Site "https://www.chess.com"]

[Event "Titled Tuesday Blitz May 24 Early 2022"]
[White "Wadsworth, Matthew J"]
[Black "Papasimakopoulos, Alexandros"]
[WhiteFideId "415804"]
[BlackFideId "4244125"]
[WhiteElo "2294"]
[BlackElo "2340"]
[Result "1-0"]
[Round "04"]
[TimeControl "180+1"]
[Date "2022.05.25"]
[WhiteClock "0:00:33"]
[BlackClock "0:00:13"]

1. Nf3 f5 2. g3 Nf6 3. Bg2 g6 4. c4 Bg7 5. Nc3 O-O 6. O-O d6 7. d3 Nc6 8. Rb1 a5 9. a3 e5 10. b4 axb4 11. axb4 h6 12. b5 Ne7 13. Bb2 g5 14. Qb3 Be6 15. Ra1 Rb8 16. Nd2 f4 17. Ra7 Qc8 18. b6 c6 19. Ba3 Nf5 20. Nde4 Nxe4 21. Nxe4 Qd8 22. Qb2 Kh8 23. g4 Nd4 24. Bxd6 Bxg4 25. f3 Bf5 26. Bxb8 Qxb8 27. Rfa1 g4 28. Qa2 Bxe4 29. dxe4 Qd6 30. Rxb7 Qc5 31. Kh1 g3 32. Qa7 Bf6 33. Rb8 Nxe2 34. Rxf8+ Qxf8 35. Qa8 Bd8 36. b7 gxh2 37. Qxd8 Qxd8 38. Ra8 Ng3+ 39. Kxh2 Qg8 40. Rxg8+ Kxg8 41. b8=Q+ 1-0


[Site "https://www.chess.com"]

[Event "Titled Tuesday Blitz May 24 Early 2022"]
[White "Wagh Suyog"]
[Black "Taichman, Ori"]
[WhiteFideId "25071688"]
[BlackFideId "2804069"]
[WhiteElo "2181"]
[BlackElo "2227"]
[Result "0-1"]
[Round "04"]
[TimeControl "180+1"]
[Date "2022.05.25"]
[WhiteClock "0:00:03"]
[BlackClock "0:00:06"]

1. e4 c5 2. Nf3 Nc6 3. Bb5 d6 4. Bxc6+ bxc6 5. O-O e5 6. c3 Bg4 7. h3 Bxf3 8. Qxf3 Nf6 9. d4 cxd4 10. cxd4 exd4 11. e5 dxe5 12. Qxc6+ Nd7 13. Re1 Be7 14. Rxe5 Rc8 15. Rxe7+ Kxe7 16. Qe4+ Kf8 17. Bd2 Nf6 18. Qd3 h5 19. Na3 Qd5 20. Nb5 h4 21. Nxd4 Rh5 22. Be3 Kg8 23. Qa3 a5 24. Nf3 Ne4 25. Qe7 a4 26. Re1 Qc6 27. Nd4 Qe8 28. Qa3 Qd7 29. Nf3 Rd5 30. Nxh4 Rd1 31. Rxd1 Qxd1+ 32. Kh2 Nd2 33. Bxd2 Qxd2 34. Qxa4 Qxf2 35. Qg4 Rc2 36. b4 Rxa2 37. Nf5 g6 38. Ne7+ Kg7 39. Nd5 Rb2 40. Qg5 Qd4 41. h4 Rb1 42. h5 Qg1+ 43. Kg3 Rb3+ 44. Kf4 Qd4# 0-1


[Site "https://www.chess.com"]

[Event "Titled Tuesday Blitz May 24 Early 2022"]
[White "Wagner, Dennis"]
[Black "Garcia Garcia, Alejandro"]
[WhiteFideId "24650684"]
[BlackFideId "3516334"]
[WhiteElo "2355"]
[BlackElo "2142"]
[Result "1-0"]
[Round "04"]
[TimeControl "180+1"]
[Date "2022.05.25"]
[WhiteClock "0:00:08"]
[BlackClock "0:00:04"]

1. e4 c5 2. c3 d5 3. exd5 Qxd5 4. d4 e6 5. Nf3 Nf6 6. Na3 Nc6 7. Be3 cxd4 8. Nb5 Qd8 9. Nbxd4 Bd7 10. Bd3 Be7 11. O-O O-O 12. Re1 a6 13. a4 Qc7 14. Bc2 Rad8 15. Qe2 Rfe8 16. Nxc6 Bxc6 17. a5 Nd5 18. Bd4 Bf6 19. Bxf6 Nxf6 20. Ne5 Rd6 21. Nxc6 Qxc6 22. Ba4 Qc5 23. Bxe8 Nxe8 24. Qe5 Qc7 25. g3 Qd8 26. Qe4 Qd7 27. Qf3 Nf6 28. Red1 Nd5 29. c4 Nb4 30. Rxd6 Qxd6 31. Qxb7 h5 32. Qb6 Qd2 33. c5 Nd3 34. c6 Nc1 35. c7 Qe1+ 36. Kg2 Qe4+ 37. f3 Qc2+ 38. Qf2 Qxc7 39. Ra3 Qb7 40. Qc2 Qb5 41. Qxc1 Qe2+ 42. Kg1 1-0


[Site "https://www.chess.com"]

[Event "Titled Tuesday Blitz May 24 Early 2022"]
[White "Xu, Yi"]
[Black "Bortnyk, Olexandr"]
[WhiteFideId "8605564"]
[BlackFideId "14120828"]
[WhiteElo "2471"]
[BlackElo "2723"]
[Result "0-1"]
[Round "04"]
[TimeControl "180+1"]
[Date "2022.05.24"]
[WhiteClock "0:00:02"]
[BlackClock "0:00:10"]

1. e4 Nf6 2. e5 Nd5 3. d4 d6 4. Nf3 dxe5 5. Nxe5 c6 6. Be2 Bf5 7. O-O Nd7 8. Nf3 e6 9. c4 N5f6 10. Nh4 Bg6 11. Nc3 Bd6 12. Re1 Ne4 13. g3 Nxc3 14. bxc3 O-O 15. Nxg6 hxg6 16. Bf3 Qa5 17. c5 Be7 18. Rb1 Rab8 19. Qb3 b6 20. Bf4 Rbc8 21. cxb6 Nxb6 22. c4 Bf6 23. c5 Nd5 24. Bxd5 exd5 25. Be5 Rfe8 26. Qc2 Re6 27. Kg2 Rce8 28. Re3 Bxe5 29. dxe5 Rxe5 30. Rxe5 Rxe5 31. Rb8+ Kh7 32. Rb7 d4 33. Rxf7 Qxc5 34. Qxc5 Rxc5 35. Rd7 Rc2 36. Rxd4 Rxa2 37. Rc4 Ra6 38. Kf3 Rb6 39. Ra4 a6 40. Ra5 Kg8 41. Ke4 Kf7 42. Kf4 Ke6 43. Ke4 Kd6 44. Rg5 Rb7 45. Rxg6+ Kc5 46. h4 a5 47. Rg5+ Kb4 48. Kd3 c5 49. Kc2 a4 50. Kb1 a3 51. Re5 c4 52. Ka2 Rd7 53. Re2 Rd4 54. f4 c3 55. Re8 Rd2+ 56. Kb1 a2+ 57. Ka1 c2 58. Rc8 Rd1+ 59. Kxa2 c1=Q 0-1


[Site "https://www.chess.com"]

[Event "Titled Tuesday Blitz May 24 Early 2022"]
[White "Yang, Kaiqi"]
[Black "Petrovskyi, Vadym"]
[WhiteFideId "8604398"]
[BlackFideId "14165210"]
[WhiteElo "2373"]
[BlackElo "2400"]
[Result "0-1"]
[Round "04"]
[TimeControl "180+1"]
[Date "2022.05.24"]
[WhiteClock "0:00:51"]
[BlackClock "0:00:15"]

1. d4 Nf6 2. c4 g6 3. h4 Bg7 4. Nc3 O-O 5. h5 c5 6. hxg6 hxg6 7. d5 a6 8. Bh6 b5 9. Qd2 Bh8 10. Bxf8 Qxf8 11. cxb5 axb5 12. Nxb5 e6 13. dxe6 dxe6 14. Nf3 Bb7 15. e3 Nc6 16. a3 Ne4 17. Qc2 Nb4 18. Qc1 Nd5 19. Bd3 Ra4 20. b3 Ra5 21. Bxe4 Rxb5 22. Rb1 Bg7 23. O-O Nc3 24. Bd3 c4 25. Bxc4 Rh5 26. e4 Bxe4 27. Nd2 Qd6 28. f4 Bd4+ 29. Rf2 Qxf4 30. Nxe4 Qh2+ 0-1


[Site "https://www.chess.com"]

[Event "Titled Tuesday Blitz May 24 Early 2022"]
[White "Yeletsky, Ivan"]
[Black "Paravyan, David"]
[WhiteFideId "24180327"]
[BlackFideId "4194985"]
[WhiteElo "2319"]
[BlackElo "2569"]
[Result "0-1"]
[Round "04"]
[TimeControl "180+1"]
[Date "2022.05.24"]
[WhiteClock "0:01:25"]
[BlackClock "0:02:28"]

1. e4 e5 2. Nf3 Nf6 3. d4 Nxe4 4. Bd3 d5 5. Nxe5 Nd7 6. Nc3 Nxe5 7. dxe5 Bb4 8. O-O Nxc3 9. bxc3 Bxc3 10. Rb1 Qh4 11. Ba3 a5 12. Bb5+ c6 13. Qxd5 Bd7 14. Qc5 Bb4 15. Bxb4 axb4 16. Rxb4 Qe7 17. Qxe7+ Kxe7 18. Bc4 b5 19. Bb3 c5 0-1


[Site "https://www.chess.com"]

[Event "Titled Tuesday Blitz May 24 Early 2022"]
[White "Zhigalko, Sergei"]
[Black "Khoroshev, Nikita"]
[WhiteFideId "13502956"]
[BlackFideId "14200287"]
[WhiteElo "2662"]
[BlackElo "2354"]
[Result "0-1"]
[Round "04"]
[TimeControl "180+1"]
[Date "2022.05.24"]
[WhiteClock "0:00:02"]
[BlackClock "0:00:12"]

1. e4 e5 2. Nf3 Nc6 3. Bc4 Nf6 4. d3 Bc5 5. O-O d6 6. c3 O-O 7. Bg5 h6 8. Bh4 g5 9. Bg3 Bg4 10. Nbd2 Nh5 11. b4 Bb6 12. a4 a5 13. b5 Ne7 14. d4 Ng6 15. Bd5 Qc8 16. Nc4 Ba7 17. dxe5 Nxg3 18. hxg3 dxe5 19. Nxa5 Bxf2+ 20. Rxf2 Rxa5 21. Qb3 Kg7 22. Nd2 c6 23. bxc6 bxc6 24. Bxf7 Qd7 25. Raf1 Nh8 26. Bc4 Rxf2 27. Rxf2 Ra8 28. Qb4 Qc7 29. Qc5 Rd8 30. a5 Ra8 31. a6 h5 32. Nf1 Qa7 33. Qxa7+ Rxa7 34. Ne3 Bc8 35. Nf5+ Kh7 36. Ra2 Ng6 37. Nd6 Ne7 38. Nxc8 Nxc8 39. Rb2 Nd6 40. Bd3 Nb5 41. Bxb5 cxb5 42. Rxb5 Rxa6 43. Rxe5 Kg6 44. Kf2 Ra2+ 45. Kf3 g4+ 46. Kf4 Rf2+ 47. Ke3 Rxg2 48. Re6+ Kg5 49. Re5+ Kh6 50. Re6+ Kg7 51. Re7+ Kf6 52. Rh7 Rxg3+ 53. Kd4 Rh3 54. e5+ Kf5 55. Rf7+ Ke6 56. Rf6+ Ke7 57. Rg6 g3 58. Kd5 h4 59. e6 Rh2 60. Rg7+ Kf6 61. Rf7+ Kg6 62. Rf8 Rd2+ 63. Ke5 Kg7 64. Rf4 g2 65. Rg4+ Kf8 66. Kf6 Rf2+ 67. Ke5 h3 68. Kd6 Rd2+ 69. Kc7 h2 70. Rf4+ Ke7 71. Rh4 g1=Q 0-1


[Site "https://www.chess.com"]

[Event "Titled Tuesday Blitz May 24 Early 2022"]
[White "Zia, Tahsin Tajwar"]
[Black "Hua, Lefong"]
[WhiteFideId "10211888"]
[BlackFideId "2602253"]
[WhiteElo "1800"]
[BlackElo "2622"]
[Result "0-1"]
[Round "04"]
[TimeControl "180+1"]
[Date "2022.05.25"]
[WhiteClock "0:00:13"]
[BlackClock "0:01:01"]

1. d4 Nf6 2. Bg5 g6 3. Nd2 Bg7 4. e4 d6 5. Bd3 O-O 6. h3 c5 7. c3 Nc6 8. Ngf3 h6 9. Be3 b6 10. O-O cxd4 11. Nxd4 Bb7 12. f4 e5 13. N4f3 Re8 14. Qc2 d5 15. fxe5 Nxe5 16. Nxe5 Rxe5 17. Bd4 dxe4 18. Bxe5 exd3 19. Qb3 Bd5 20. Qb4 Be6 21. Qd4 Qxd4+ 22. Bxd4 Nd7 23. Rf3 Nc5 24. Bxc5 bxc5 25. Rxd3 Rb8 26. b3 Bf5 27. Rf3 Rd8 28. Nc4 h5 29. Rc1 Bh6 30. Rcf1 Bg7 31. Rxf5 gxf5 32. Rxf5 Bxc3 33. Rg5+ Kf8 34. Rxc5 Bd4+ 0-1


[Site "https://www.chess.com"]

[Event "Titled Tuesday Blitz May 24 Early 2022"]
[White "Ajay Krishna, S"]
[Black "Nugumanov, Bakhtiyar"]
[WhiteFideId "5096430"]
[BlackFideId "13701797"]
[WhiteElo "2247"]
[BlackElo "2262"]
[Result "1-0"]
[Round "05"]
[TimeControl "180+1"]
[Date "2022.05.25"]
[WhiteClock "0:00:54"]
[BlackClock "0:01:20"]

1. d4 d5 2. c4 e6 3. Nf3 Nf6 4. g3 Be7 5. Bg2 O-O 6. O-O dxc4 7. Ne5 Nc6 8. Bxc6 bxc6 9. Nxc6 Qe8 10. Nxe7+ Qxe7 11. Qa4 c5 12. dxc5 Qxc5 13. Be3 Qc7 14. Nd2 c3 15. Rac1 Nd5 16. Bd4 Bd7 17. Qa3 c2 18. Bc5 Rfc8 19. Rxc2 Qe5 20. Nf3 Qh5 21. Rfc1 e5 22. Bd6 e4 23. Rxc8+ Bxc8 24. Nd4 e3 25. f3 Qg6 26. Qxa7 1-0


[Site "https://www.chess.com"]

[Event "Titled Tuesday Blitz May 24 Early 2022"]
[White "Andreikin, Dmitry"]
[Black "Khoroshev, Nikita"]
[WhiteFideId "4158814"]
[BlackFideId "14200287"]
[WhiteElo "2736"]
[BlackElo "2354"]
[Result "1-0"]
[Round "05"]
[TimeControl "180+1"]
[Date "2022.05.24"]
[WhiteClock "0:00:15"]
[BlackClock "0:00:01"]

1. d4 Nf6 2. c4 g6 3. Nc3 Bg7 4. e4 d6 5. h3 O-O 6. Be3 c6 7. Nf3 e5 8. d5 a5 9. Nd2 Na6 10. Be2 Bd7 11. O-O Qc7 12. Rc1 Rfd8 13. a3 Be8 14. Re1 Rac8 15. Bf1 Nd7 16. Nb3 f5 17. Bg5 Nf6 18. exf5 gxf5 19. Bd3 Bg6 20. dxc6 bxc6 21. Bb1 Qf7 22. Nxa5 Nc5 23. b4 Ne6 24. Be3 f4 25. Bb6 Rd7 26. b5 c5 27. Nc6 Nd4 28. a4 f3 29. Nxd4 cxd4 30. Nd5 Bxb1 31. Rxb1 Nxd5 32. cxd5 fxg2 33. Qg4 Rc2 34. Qe6 Re7 35. Qxf7+ Rxf7 36. a5 Bh6 37. a6 Rfxf2 38. a7 Be3 39. Rxe3 Ra2 40. Rg3+ Kf7 41. Bc7 Rf1+ 42. Rxf1+ gxf1=Q+ 43. Kxf1 Rxa7 44. Bxd6 Rd7 45. Ba3 Rxd5 46. Rb3 d3 47. Ke1 d2+ 48. Kd1 e4 49. b6 e3 50. Rxe3 Rb5 51. Re7+ Kf6 52. b7 Rb3 53. Kxd2 Rxa3 54. b8=Q Ra2+ 55. Ke3 Kxe7 56. Qe5+ 1-0


[Site "https://www.chess.com"]

[Event "Titled Tuesday Blitz May 24 Early 2022"]
[White "Aradhya, Garg"]
[Black "Fernandez Barrera, Victor"]
[WhiteFideId "25006746"]
[BlackFideId "2261529"]
[WhiteElo "2718"]
[BlackElo "2582"]
[Result "1-0"]
[Round "05"]
[TimeControl "180+1"]
[Date "2022.05.25"]
[WhiteClock "0:00:17"]
[BlackClock "0:00:06"]

1. d4 Nf6 2. Nf3 e6 3. e3 b6 4. Bd3 c5 5. O-O Bb7 6. b3 Be7 7. Bb2 O-O 8. c4 cxd4 9. exd4 d6 10. Re1 Nbd7 11. Nc3 a6 12. Qe2 Rc8 13. d5 e5 14. Ng5 Nc5 15. Bc2 h6 16. Nge4 Nfxe4 17. Nxe4 f5 18. Ng3 f4 19. Nf5 a5 20. Qg4 Bg5 21. h4 Rxf5 22. Bxf5 Bxh4 23. Bxc8 Bxc8 24. Qg6 Bf6 25. Ba3 Bd7 26. Bxc5 bxc5 27. Qe4 Bh4 28. Qg6 Bf6 29. Kf1 Be8 30. Qf5 Bd7 31. Qe4 Bh4 32. Ke2 Qf6 33. Qc2 Bg4+ 34. f3 Bf5 35. Qc3 Qg6 36. Rg1 Qg3 37. Qe1 Qg5 38. Qxa5 Qg3 39. Qe1 Qg5 40. Qd2 e4 41. a4 e3 42. Qc3 Qg3 43. Qe1 Qh2 44. Qf1 Bf6 45. a5 Bxa1 46. a6 Bc8 47. a7 Bb7 48. Qxa1 Kh7 49. Qf1 Qg3 50. Qb1+ Kh8 51. Qe1 Qg6 52. Qd1 Qg3 53. Kd3 Qg6+ 54. Kc3 Qf6+ 55. Kc2 Qf5+ 56. Qd3 Qg5 57. Qe4 Qg3 58. Qe8+ Kh7 59. Qe4+ Kh8 60. Ra1 Qxg2+ 61. Kb1 Qf1+ 62. Kb2 Qe2+ 63. Kb1 Qd1+ 64. Kb2 Qd2+ 65. Qc2 Qd4+ 66. Qc3 Ba8 67. Qxd4 cxd4 68. Kc2 Kg8 69. Kd3 Kf8 70. Kxd4 g5 71. Ke4 Kg7 72. Kf5 Bb7 73. a8=Q Bxa8 74. Ra7+ 1-0


[Site "https://www.chess.com"]

[Event "Titled Tuesday Blitz May 24 Early 2022"]
[White "Avinash, Ramesh"]
[Black "Tymrakiewicz, Rafal"]
[WhiteFideId "45018340"]
[BlackFideId "1108832"]
[WhiteElo "1875"]
[BlackElo "2205"]
[Result "0-1"]
[Round "05"]
[TimeControl "180+1"]
[Date "2022.05.25"]
[WhiteClock "0:00:03"]
[BlackClock "0:00:02"]

1. d4 Nf6 2. Nc3 g6 3. e4 d5 4. e5 Ne4 5. Bd3 Nxc3 6. bxc3 c5 7. Nf3 Nc6 8. h3 Bg7 9. O-O O-O 10. a4 Rb8 11. Ba3 c4 12. Be2 Re8 13. Bc1 f6 14. exf6 exf6 15. Be3 Be6 16. Qd2 Qd7 17. Rfe1 Re7 18. Nh2 Rbe8 19. Bf3 Bf7 20. Ng4 b6 21. Nh6+ Kf8 22. Nxf7 Kxf7 23. Bf4 Rxe1+ 24. Rxe1 Rxe1+ 25. Qxe1 Qe6 26. Qb1 g5 27. Bg3 f5 28. Qb5 Ne7 29. Bb8 g4 30. hxg4 fxg4 31. Bd1 Qe1+ 32. Kh2 Qxd1 33. Qd7 Qe2 34. Bg3 Qe6 35. Qxa7 Kg6 36. Qc7 Nf5 37. Bf4 Bh6 38. Be5 g3+ 39. fxg3 Ne3 40. Qd8 Ng4+ 41. Kg1 Be3+ 42. Kh1 Nf2+ 43. Kh2 Ng4+ 44. Kh1 Qf7 45. Qd6+ Kf5 46. Bf4 Qh5# 0-1


[Site "https://www.chess.com"]

[Event "Titled Tuesday Blitz May 24 Early 2022"]
[White "Avramidou, Anastasia"]
[Black "Schut, Han"]
[WhiteFideId "4239873"]
[BlackFideId "1005561"]
[WhiteElo "2183"]
[BlackElo "2057"]
[Result "1-0"]
[Round "05"]
[TimeControl "180+1"]
[Date "2022.05.25"]
[WhiteClock "0:00:14"]
[BlackClock "0:00:08"]

1. Nf3 Nf6 2. d4 g6 3. c4 Bg7 4. Nc3 d5 5. h4 c5 6. h5 cxd4 7. Nxd4 e5 8. h6 Bf8 9. Nf3 d4 10. Bg5 Be7 11. Bxf6 Bxf6 12. Nd5 Be6 13. Nxf6+ Qxf6 14. Qb3 Nd7 15. e3 O-O 16. exd4 exd4 17. Qd3 Rfe8 18. O-O-O b5 19. Qxd4 bxc4 20. Qxf6 Nxf6 21. Rh4 Rac8 22. Nd4 Bd5 23. Nb5 Re6 24. Nc3 Rec6 25. Nxd5 Nxd5 26. Rxd5 c3 27. b3 Re6 28. Bc4 Re1+ 29. Kc2 Ra1 30. Kxc3 Rxa2 31. Rf4 Kf8 32. Rd7 f5 33. Rxh7 Ke8 34. Rh8+ Kd7 35. Rd4+ Kc7 36. Rxc8+ Kxc8 37. h7 1-0


[Site "https://www.chess.com"]